AoeStats
← Maxcol_I

Arena

510222408Analyzed
1v1 RM · 3d ago on Sep 30, 2026· 70m 23s· 2 players
Game mode
Random Map
Map size
Tiny (2 player)
Population
200
Speed
Normal
Resources
Standard
Victory
Conquest
Starting age
Dark Age
Ending age
Imperial Age
RankedLock teamsTeams togetherTeam positionsShared explorationLock speedFull tech treeHidden civsTurbo modeCheats
Victory
Defeat
🇨🇱 Khmer · Chile
757
+13
🇺🇸 Persians · United States
685
-13
Maxcol_I
9:44 Feudal Age
16:05 Castle Age
14:38 Double-Bit Axe
14:58 Horse Collar
19:41 Loom
20:32 Wheelbarrow
20:11 Fletching
21:19 Heavy Plow
21:33 Bow Saw
22:37 Bodkin Arrow
24:15 Hand Cart
24:16 Gold Mining
24:49 Town Watch
30:15 Imperial Age
28:05 Husbandry
28:29 Scale Barding Armor
28:42 Squires
28:59 Murder Holes
29:16 Masonry
29:28 Ballistics
30:44 Forging
30:35 Scale Mail Armor
31:58 Chemistry
31:30 Architecture
31:24 Conscription
32:30 Two-Man Saw
31:48 Stone Mining
31:39 Pikeman
32:10 Arson
32:53 Town Patrol
32:54 Cavalier
33:48 Bloodlines
32:58 Light Cavalry
34:56 Heated Shot
35:47 Crop Rotation
36:02 Savar
37:42 Chain Barding Armor
37:58 Iron Casting
38:05 Halberdier
47:54 Plate Barding Armor
48:20 Blast Furnace
49:21 Hussar
62:00 Heavy Scorpion
NPG | NUNCAPUEDOGANAR
10:32 Feudal Age
15:34 Castle Age
13:43 Horse Collar
13:58 Double-Bit Axe
16:52 Bow Saw
17:07 Heavy Plow
21:32 Wheelbarrow
20:53 Town Watch
20:55 Loom
23:31 Gold Mining
26:56 Imperial Age
25:19 Bloodlines
28:59 Hand Cart
29:34 Gold Shaft Mining
32:58 Chemistry
32:02 Elite Battle Elephant
33:49 Scale Barding Armor
33:56 Forging
33:37 Fletching
34:11 Ballistics
33:57 Siege Engineers
35:55 Husbandry
37:14 Tusk Swords
37:35 Conscription
38:49 Double Crossbow
44:19 Iron Casting
43:49 Heavy Scorpion
47:13 Pikeman
47:39 Arson
48:15 Halberdier
54:13 Chain Barding Armor
53:54 Scale Mail Armor
56:42 Chain Mail Armor
57:13 Light Cavalry
65:33 Hussar
Connection lost

Rejoining the realm…

Still unreachable

The connection could not be restored.

Session expired

The server has moved on; the page needs a fresh start.